 Dungeon Crawl Stone Soup version 0.23.1 (webtiles) character file.

Game seed: 3763101795323565372

104 Kniotic the Slasher (level 4, -3/33 HPs)
             Began as a Mummy Gladiator on Mar 12, 2019.
             Killed by divine providence
             ... invoked by an orc priest
              (15 damage)
             ... on level 2 of the Dungeon.
             The game lasted 00:02:23 (1964 turns).

Kniotic the Slasher (Mummy Gladiator)               Turns: 1964, Time: 00:02:23

Health: -3/33      AC:  5    Str: 18    XL:     4   Next: 52%
Magic:  4/4        EV: 12    Int:  7    God:
Gold:   78         SH:  0    Dex: 13    Spells: 3/3 levels left

rFire    x . .     SeeInvis .   a - +0 long sword
rCold    + . .     Gourm    .   (no shield)
rNeg     + + +     Faith    .   b - +0 leather armour
rPois    ∞         Spirit   .   c - +0 helmet
rElec    .         Reflect  .   (no cloak)
rCorr    .         Harm     .   k - +0 pair of gloves
MR       .....                  (no boots)
Stlth    +.........             (no amulet)
HPRegen  0.11/turn              (no ring)
MPRegen  0.09/turn              (no ring)

@: no status effects
A: no food or potions, fire vulnerability, cold resistance 1, negative energy
resistance 3, torment resistance, unbreathing
a: no special abilities


You were on level 2 of the Dungeon.
You were not hungry.

You visited 1 branch of the dungeon, and saw 2 of its levels.

You collected 78 gold pieces.

Inventory:

Hand Weapons
 a - a +0 long sword (weapon)
Missiles
 d - 3 throwing nets (quivered)
Armour
 b - a +0 leather armour (worn)
 c - a +0 helmet (worn)
 k - a +0 pair of gloves (worn)
Jewellery
 g - an uncursed ring of stealth
Scrolls
 e - a scroll of teleportation
 f - a scroll of random uselessness {unknown}
 j - a scroll of enchant armour {unknown}


   Skills:
 - Level 2.0 Fighting
 + Level 4.4 Long Blades
 - Level 1.5 Throwing
 - Level 2.4 Dodging


You had 3 spell levels left.
You didn't know any spells.
Your spell library was empty.

Dungeon Overview and Level Annotations

Branches:
Dungeon (2/15)

Altars:


Innate Abilities, Weirdness & Mutations

You do not eat or drink.
Your flesh is vulnerable to fire.
You are immune to poison.
Your flesh is cold resistant. (rC+)
You are immune to negative energy. (rN+++)
You are immune to unholy pain and torment.
You can survive without breathing.


Message History

An orc priest comes into view. It is wielding a +0 club.
The orc wizard hits you with a +0 dagger.
You are too injured to fight recklessly!
You are too injured to fight recklessly!
You are too injured to fight recklessly!
You are too injured to fight recklessly!
You are too injured to fight recklessly!
You are too injured to fight recklessly!
You are too injured to fight recklessly!
You are too injured to fight recklessly!
You are too injured to fight recklessly!
You are too injured to fight recklessly!
You are too injured to fight recklessly!
The orc wizard barely misses you.
You riposte.
You closely miss the orc wizard. The orc wizard closely misses you.
You riposte.
You closely miss the orc wizard.
The orc wizard hits you but does no damage.
The orc priest invokes the aid of Beogh against you.
Beogh smites you!
You die...

......## #.#
#.......
...##############.#
########
≈≈≈≈≈≈#...........#
...################
...# =..# ####
#################
#........oo@....#
#.######oo#####.#
######### #..#
##.####.....[.#
#..#
#..#.......##..
....
#...)##.##.####
##..## #..........#
...# #.≈.....##.#
##.# #.....#..#.#
.......##.#.#


You could see an orc priest, an orc wizard and 2 orcs.

Vanquished Creatures
  Terence (D:2)
  3 adders (D:2)
  An ooze (D:1)
  A worm (D:2)
  2 dart slugs
  A leopard gecko (D:1)
  5 bats
  5 hobgoblins
  4 jackals (D:1)
  3 kobolds
  3 frilled lizards
  7 goblins
  5 rats
41 creatures vanquished.

Notes
Turn   | Place    | Note
-------+----------+-------------------------------------------
     0 | D:1      | Kniotic the Mummy Gladiator began the quest for the Orb.
     0 | D:1      | Reached XP level 1. HP: 16/16 MP: 1/1
    84 | D:1      | Reached XP level 2. HP: 15/22 MP: 2/2
    87 | D:1      | Reached skill level 3 in Long Blades
   572 | D:1      | Reached XP level 3. HP: 22/27 MP: 3/3
  1078 | D:2      | Noticed Terence
  1356 | D:2      | Reached skill level 4 in Long Blades
  1535 | D:2      | Reached XP level 4. HP: 33/33 MP: 4/4
  1805 | D:2      | Killed Terence
  1964 | D:2      | Killed from afar by an orc priest

Skill      XL: |  1  2  3 |
---------------+----------+-----
Long Blades    | 3 4 |  4.4
Fighting       | |  2.0
Throwing       | |  1.5
Dodging        | |  2.4

Action                   |  1- 3 |  4- 6 || total
-------------------------+-------+-------++-------
Melee: Long sword        |   107 |    27 ||   134
  Use: Scroll            |       |     3 ||     3
 Stab: Sleeping          |     1 |       ||     1
Armor: Leather armour    |    32 |     7 ||    39
Dodge: Dodged            |    82 |    20 ||   102
       Rpst.: Long sword |    22 |     9 ||    31
